 Dungeon Crawl Stone Soup version 0.29-a0-334-gb41bcbb86e (webtiles) character file.

Game seed: 14851098700333189987

741 freelancePsychic the Changer (level 7, 0/53 HPs)
             Began as a Demonspawn Transmuter on Apr 14, 2022.
             Slain by a gnoll shaman
             ... wielding a +0 club
              (5 damage)
             ... on level 5 of the Dungeon.
             The game lasted 00:09:38 (5626 turns).

freelancePsychic the Changer (DsTm)                 Turns: 5626, Time: 00:09:39

Health: 0/53       AC:  2    Str: 11    XL:     7   Next: 47%
Magic:  9/10       EV: 19    Int: 16    God:
Gold:   134        SH:  4    Dex: 18    Spells: 6/10 levels left

rFire   . . .      SeeInvis .     - Unarmed
rCold   . . .      Faith    .   (shield currently unavailable)
rNeg    . . .      Spirit   .   (body armour currently unavailable)
rPois   x          Reflect  .   (helmet currently unavailable)
rElec   .          Harm     .   (cloak currently unavailable)
rCorr   .          Rampage  .   (gloves currently unavailable)
Will    .....                   (boots currently unavailable)
Stlth   ++........              (no amulet)
HPRegen 0.17/turn               (no ring)
MPRegen 0.12/turn               (no ring)

@: spider-form (expiring)
A: venomous fangs, tiny, (claws 1), (icy blue scales 2), condensation shield,
demonic magic 1
a: End Transformation


You were on level 5 of the Dungeon.
You were a venomous arachnid creature.
You visited 1 branch of the dungeon, and saw 5 of its levels.

You collected 134 gold pieces.

Inventory:

Hand Weapons
 c - a +4 dagger (melded)
Missiles
 g - 2 poisoned darts
Armour
 a - a +0 robe (melded)
 m - an orb of wrath (melded)
 s - a +2 tower shield
Magical Staves
 v - a staff of poison
Scrolls
 e - a scroll of amnesia
 f - a scroll of teleportation {@r4}
 l - 3 scrolls of immolation {unknown}
 o - 5 scrolls of identify {@r1}
 p - 2 scrolls of fog {unknown}
 q - a scroll of enchant weapon {unknown}
 t - a scroll of torment {unknown}
 u - a scroll of brand weapon {unknown}
 x - a scroll of enchant armour {unknown}
Potions
 b - a potion of lignification
 d - 2 potions of heal wounds {@q2}
 h - a potion of ambrosia {unknown}
 i - a potion of curing {unknown}
 j - a potion of attraction {unknown}
 k - 4 potions of magic {unknown}
 n - 2 potions of invisibility {unknown}
 r - a potion of flight {unknown}
 w - a potion of cancellation {unknown}
 z - a potion of might {unknown}


   Skills:
 + Level 3.7 Fighting
 + Level 1.2 Short Blades
 - Level 1.7 Dodging
 + Level 1.3 Stealth
 - Level 2.6 Unarmed Combat
 + Level 2.4 Spellcasting
 - Level 4.6 Transmutations
 - Level 4.5 Poison Magic


You had 6 spell levels left.
You knew the following spells:

 Your Spells              Type           Power      Damage    Failure   Level
a - Beastly Appendage     Tmut           32%        N/A       11%         1
b - Spider Form           Tmut/Pois      16%        N/A       22%         3

Your spell library contained the following spells:

 Spells                   Type           Power      Damage    Failure   Level
 Wereblood                Tmut           16%        N/A       14%         2
 Static Discharge         Conj/Air       1%         N/A       52%         2
 Ice Form                 Ice/Tmut       9%         N/A       78%         4
 Lightning Bolt           Conj/Air       0%         1d11      100%        5
 Maxwell's Capacitive Co  Air            0%         ∞         100%        8


Dungeon Overview and Level Annotations

Branches:
Dungeon (5/15)
 Temple: D:4-7

Altars:
Nemelex Xobeh
Wu Jian


Innate Abilities, Weirdness & Mutations

You are a venomous arachnid creature.
You have poisonous fangs.
You are tiny and dextrous.
Your spellcasting is less reliable in this form.
Your armour is entirely melded.
You are incapable of wielding weapons or throwing items.
((You have sharp fingernails.))
((You are mostly covered in icy blue scales. (AC +3)))
A meltable shield of frost defends you. (SH +4)
Spells you cast may paralyse adjacent enemies.


Message History

The gnoll is healed somewhat.
You hit the gnoll.
The gnoll looks as sick as possible!
The gnoll is severely wounded.
You block the gnoll's attack.
You barely miss the gnoll.
The gnoll is severely wounded.
The gnoll closely misses you.
You completely miss the gnoll.
The gnoll is almost dead.
The gnoll closely misses you.
You barely miss the gnoll.
The gnoll is almost dead.
You kill the gnoll!
The gnoll shaman closely misses you.
You barely miss the gnoll shaman. You block the gnoll shaman's attack.
You hit the gnoll shaman.
The gnoll shaman is poisoned.
The gnoll shaman is moderately wounded.
The gnoll shaman hits you with a +0 club!
You hit the gnoll shaman but do no damage.
The gnoll shaman looks as sick as possible!
The gnoll shaman is moderately wounded.
The gnoll shaman barely misses you.
You hit the gnoll shaman but do no damage.
The gnoll shaman is moderately wounded.
Your transformation is almost over.
The gnoll shaman hits you with a +0 club.
* * * LOW HITPOINT WARNING * * *
You hit the gnoll shaman.
The gnoll shaman looks as sick as possible!
The gnoll shaman is heavily wounded.
The gnoll shaman hits you with a +0 club.
* * * LOW HITPOINT WARNING * * *
You hit the gnoll shaman but do no damage.
The gnoll shaman is severely wounded.
The gnoll shaman hits you with a +0 club.
* * * LOW HITPOINT WARNING * * *
You hit the gnoll shaman but do no damage.
The gnoll shaman is severely wounded.
The gnoll shaman hits you with a +0 club.
You die...

.## ##)#### <.###.##
##.#..###### #.........#
# #..#.####.# .#
#..#.####.##########.###.
#..#.....................
#..######..#.####.#...#
#... #..#..)sg...# #.#.
#..######.#...# #. . #..#
#)# .# #..#


#go ...# #o.. ##.# #.... #. ###... ...# #.## You could see a gnoll shaman
(extremely poisoned).

Vanquished Creatures
  A water moccasin (D:4)
  2 ogres
  A scorpion (D:2)
  A howler monkey (D:4)
  2 hounds
  A jelly (D:4)
  An orc wizard (D:5)
  12 gnolls
  5 adders
  An ufetubus (D:4)
  12 orcs
  4 bats
  6 endoplasms
  A giant cockroach (D:2)
  3 hobgoblins
  4 jackals (D:1)
  4 kobolds
  6 quokkas
  11 ball pythons
  3 frilled lizards (D:1)
  7 goblins
  6 rats
94 creatures vanquished.

Notes
Turn   | Place    | Note
-------+----------+-------------------------------------------
     0 | D:1      | freelancePsychic the Demonspawn Transmuter began the quest
                  | for the Orb.
     0 | D:1      | Reached XP level 1. HP: 15/15 MP: 3/3
   233 | D:1      | Gained mutation: You are partially covered in icy blue
                  | scales. (AC +2) [demonic ancestry]
   233 | D:1      | Reached XP level 2. HP: 20/21 MP: 5/5
   237 | D:1      | Reached skill level 1 in Poison Magic
   349 | D:2      | Found an ornate altar of the Wu Jian Council.
   387 | D:2      | Gained mutation: You have sharp fingernails. [demonic
                  | ancestry]
   387 | D:2      | Reached XP level 3. HP: 10/26 MP: 4/6
   840 | D:3      | Learned a level 3 spell: Spider Form
  1287 | D:3      | Gained mutation: You are mostly covered in icy blue scales.
                  | (AC +3) [demonic ancestry]
  1287 | D:3      | Reached XP level 4. HP: 22/33 MP: 3/7
  1459 | D:3      | Found a sparkling altar of Nemelex Xobeh.
  2737 | D:2      | Noticed a scorpion
  2748 | D:2      | Killed a scorpion
  2749 | D:2      | Gained mutation: A meltable shield of frost defends you.
                  | (SH +4) [demonic ancestry]
  2749 | D:2      | Reached XP level 5. HP: 30/39 MP: 5/8
  3441 | D:1      | Found a faded altar of an unknown god.
  4150 | D:4      | Gained mutation: Spells you cast may paralyse adjacent
                  | enemies. [demonic ancestry]
  4150 | D:4      | Reached XP level 6. HP: 4/46 MP: 6/9
  4745 | D:4      | Noticed a water moccasin
  4754 | D:4      | Killed a water moccasin
  4755 | D:4      | Reached XP level 7. HP: 52/52 MP: 8/10
  5418 | D:5      | Entered Level 5 of the Dungeon
  5552 | D:5      | Reached skill level 1 in Short Blades
  5552 | D:5      | Reached skill level 1 in Stealth
  5626 | D:5      | Slain by a gnoll shaman

Illustrated notes

Levels and vault maps discovered:
D:1:      elethiomel_arrival_maze, layout_basic,
          hellmonk_ecumenical_altar_arch_garden
D:2:      layout_basic, basic_altar
D:3:      layout_basic, mainiacjoe_overflow_concentric_impassable
D:4:      nicolae_cairo_tiling_very_big, layout_basic, hangedman_decor_points,
          grunt_ministairs_6
D:5:      layout_loops_ring

Skill      XL: |  1  2  3  4  5  6  7 |
---------------+----------------------+-----
Transmutations | 2 3 4 |  4.6
Poison Magic   | 1 2 3 4 |  4.5
Fighting       | 2 3 |  3.7
Short Blades   | 1 |  1.2
Stealth        | 1 |  1.3
Dodging        | |  1.7
Unarmed Combat | |  2.6
Spellcasting   | |  2.4

Action                   |  1- 3 |  4- 6 |  7- 9 || total
-------------------------+-------+-------+-------++-------
Melee: Dagger            |    73 |    27 |     5 ||   105
       Unarmed           |    10 |   104 |    60 ||   174
       Kick              |     4 |     1 |       ||     5
       Headbutt          |     1 |     1 |       ||     2
 Cast: Beastly Appendage |     6 |     1 |       ||     7
       Spider Form       |     1 |    16 |     6 ||    23
 Abil: End Transformatio |       |     1 |     1 ||     2
  Use: Scroll            |     4 |       |       ||     4
 Stab: Sleeping          |       |     1 |       ||     1
       Paralysed         |       |     3 |     6 ||     9
Armor: Robe              |    14 |     5 |     2 ||    21
       Skin              |       |     3 |     3 ||     6
Dodge: Dodged            |    43 |   124 |    30 ||   197
Block: Other             |       |    11 |     8 ||    19
       Orb               |       |     1 |     1 ||     2

Table legend: (Time is in decaauts)
 A = Elapsed time spent in this place.
 B = Non-inter-level travel time spent in this place.
 C = Inter-level travel time spent in this place.
 D = Time resting spent in this place.
 E = Time spent auto-exploring this place.
 F = Levels seen in this place.
 G = Mean time per level.
                   A        B        C        D        E       F      G
               +--------+--------+--------+--------+--------+-----+--------+
         Total |   5664 |   5443 |    221 |    364 |   4301 |   5 | 1132.8 |
       Dungeon |   5664 |   5443 |    221 |    364 |   4301 |   5 | 1132.8 |
               +--------+--------+--------+--------+--------+-----+--------+

Top non-repeatable levels by time:
     D:3: 1788 daAuts
     D:4: 1370 daAuts
     D:2: 1282 daAuts
     D:1: 1017 daAuts
     D:5: 204 daAuts
